 Dungeon Crawl Stone Soup version 0.25.1-8-g42b30a86e7 (webtiles) character file.

Game seed: 2829988251626291902

750 Gabide the Poker (level 8, -1/60 HPs)
             Began as a Human Chaos Knight on Nov 30, 2020.
             Was a Plaything of Xom.
             Slain by a swamp dragon (shapeshifter) (5 damage)
             ... on level 6 of the Dungeon.
             The game lasted 00:14:16 (5257 turns).

Gabide the Poker (Human Chaos Knight)               Turns: 5257, Time: 00:14:17

Health: -1/60      AC:  7    Str: 13    XL:     8   Next: 6%
Magic:  8/8        EV: 14    Int: 13    God:    Xom [...*..]
Gold:   199        SH:  0    Dex: 14    Spells: 7/7 levels left

rFire    . . .     SeeInvis +   a - +0 spear (chaos)
rCold    . . .     Gourm    .   (no shield)
rNeg     . . .     Faith    .   b - +2 leather armour
rPois    .         Spirit   .   t - +0 helmet
rElec    .         Reflect  .   (no cloak)
rCorr    .         Harm     .   (no gloves)
MR       .....                  r - +0 pair of boots
Stlth    +.........             (no amulet)
HPRegen  0.20/turn              p - ring of see invisible
MPRegen  0.11/turn              (no ring)

@: confused
A: no striking features
a: Renounce Religion


You were on level 6 of the Dungeon.
You worshipped Xom.
You were a favourite toy of Xom.
You were not hungry.

You visited 1 branch of the dungeon, and saw 6 of its levels.

You collected 199 gold pieces.

Inventory:

Hand Weapons
 a - a +0 spear of chaos (weapon)
Missiles
 i - an atropa-tipped dart (quivered)
 j - 8 javelins
Armour
 b - a +2 leather armour (worn)
 h - a +0 plate armour
 r - a +0 pair of boots (worn)
 t - a +0 helmet (worn)
Jewellery
 p - a ring of see invisible (left hand)
Wands
 d - a wand of disintegration (8)
Scrolls
 m - 3 scrolls of remove curse
 u - a scroll of identify
Potions
 e - 2 potions of cancellation
 f - a potion of curing
 n - a potion of heal wounds {unknown}
 o - a potion of lignification {unknown}
 q - a potion of mutation {unknown}
 s - a potion of flight {unknown}
Comestibles
 c - 8 rations


   Skills:
 + Level 4.2 Fighting
 + Level 6.5 Polearms
 - Level 0.1 Throwing
 + Level 3.4 Armour
 * Level 4.2 Dodging


You had 7 spell levels left.
You didn't know any spells.
Your spell library was empty.

Dungeon Overview and Level Annotations

Branches:
Dungeon (6/15)
 Temple: D:4-7

Altars:
Cheibriados
Uskayaw
The Shining One


Message History

A quokka comes into view.
Found a long sword.
There is a stone staircase leading up here.
A centaur comes into view.
The centaur shouts!
The centaur wields a +0 shortbow.
The centaur shoots an arrow.
The arrow hits you!
* * * LOW HITPOINT WARNING * * *
Found a ration.
You see here an arrow.
Okay, then.
You are confused.
You feel invigorated.
The centaur shoots an arrow.
The arrow hits you.
* * * LOW HITPOINT WARNING * * *
The centaur shoots an arrow.
The arrow misses you. The swamp dragon barely misses you.
The swamp dragon claws you!
* * * LOW HITPOINT WARNING * * *
The swamp dragon tramples you.
You die...
Xom chortles!

#......##
###.........
#...........
.........#
........#
##).....c#
###.....#
##..(@...#
#.....D..#
#...#.##r.#
##. ## ##.#
.% ... #.
..... #
#......
......
...##.


You could see a swamp dragon shaped shifter (strong), a centaur and a quokka.

Vanquished Creatures
  A hog (shapeshifter) (D:4)
  2 sky beasts (D:5)
  A scorpion (D:4)
  A crimson imp (D:5)
  2 orc priests (D:5)
  2 hounds
  A bullfrog skeleton (D:4)
  A worker ant (D:4)
  A worker ant zombie (D:5)
  3 adders
  An ooze (D:1)
  An adder zombie (D:5)
  3 worms
  7 dart slugs
  9 leopard geckos
  10 orcs
  4 giant cockroaches
  8 goblins
  2 hobgoblins (D:1)
  13 jackals
  A quokka (D:2)
  3 ball pythons
  4 bats
  7 frilled lizards
  7 kobolds
  9 rats
104 creatures vanquished.

Notes
Turn   | Place    | Note
-------+----------+-------------------------------------------
     0 | D:1      | Gabide the Human Chaos Knight began the quest for the Orb.
     0 | D:1      | Reached XP level 1. HP: 18/18 MP: 1/1
   164 | D:1      | Reached XP level 2. HP: 19/24 MP: 2/2
   471 | D:1      | Reached XP level 3. HP: 29/29 MP: 3/3
   910 | D:1      | XOM: silly message
   942 | D:1      | XOM: divination: detect creatures
   997 | D:1      | Reached skill level 4 in Polearms
  1391 | D:2      | Reached XP level 4. HP: 35/35 MP: 4/4
  1448 | D:2      | Found a snail-covered altar of Cheibriados.
  1705 | D:2      | Found a glowing golden altar of the Shining One.
  1705 | D:2      | XOM: 5-stop teleportation journey
  2128 | D:3      | Reached XP level 5. HP: 40/41 MP: 5/5
  2201 | D:3      | XOM: silly message
  2570 | D:3      | XOM: silly message
  2621 | D:3      | XOM: cloud trail
  2813 | D:4      | Reached skill level 5 in Polearms
  2859 | D:4      | XOM: enchant monster (good)
  2873 | D:4      | Reached XP level 6. HP: 48/48 MP: 6/6
  3021 | D:4      | XOM: divination: detect items
  3168 | D:4      | Noticed a shapeshifter
  3168 | D:4      | an iguana changed into a shapeshifter
  3168 | D:4      | Noticed a komodo dragon
  3168 | D:4      | a shapeshifter changed into a komodo dragon
  3172 | D:4      | XOM: butterfly on damage
  3187 | D:4      | XOM: cast spell 'Olgreb's Toxic Radiance'
  3196 | D:4      | Noticed a rime drake
  3196 | D:4      | a komodo dragon changed into a rime drake
  3197 | D:4      | Noticed a meliai
  3197 | D:4      | a rime drake changed into a meliai
  3208 | D:4      | Noticed a wind drake
  3208 | D:4      | a meliai changed into a wind drake
  3214 | D:4      | XOM: summons 2 friendly demons
  3221 | D:4      | XOM: butterfly on damage
  3247 | D:4      | XOM: enchant monster (good)
  3606 | D:4      | XOM: cleaving
  3861 | D:5      | Entered Level 5 of the Dungeon
  3871 | D:5      | Noticed a sky beast
  3888 | D:5      | XOM: noise
  3896 | D:5      | Killed a sky beast
  3896 | D:5      | Reached XP level 7. HP: 31/53 MP: 7/7
  4045 | D:5      | Noticed a +0 hand axe
  4045 | D:5      | Noticed a +0 dagger
  4046 | D:5      | Found a hide-covered altar of Uskayaw.
  4129 | D:5      | XOM: 4-stop teleportation journey
  4131 | D:5      | XOM: enchant monster (good)
  4174 | D:5      | Reached skill level 6 in Polearms
  4276 | D:5      | XOM: scenery: 2 doors open
  4638 | D:5      | Noticed a shapeshifter
  4638 | D:5      | a scorpion changed into a shapeshifter
  4638 | D:5      | XOM: polymorph scorpion -> shapeshifter
  4638 | D:5      | Noticed a human
  4638 | D:5      | a shapeshifter changed into a human
  4647 | D:5      | Noticed a shapeshifter
  4647 | D:5      | a human changed into a shapeshifter
  4647 | D:5      | XOM: polymorph human -> shapeshifter
  4647 | D:5      | Noticed a fire crab
  4647 | D:5      | a shapeshifter changed into a fire crab
  4648 | D:5      | Noticed a cyclops
  4648 | D:5      | a fire crab changed into a cyclops
  4651 | D:5      | XOM: enchant monster (good)
  4670 | D:5      | Noticed a fire crab
  4683 | D:4      | Noticed a salamander
  4686 | D:4      | Noticed a shapeshifter
  4686 | D:4      | a salamander changed into a shapeshifter
  4686 | D:4      | XOM: polymorph salamander -> shapeshifter
  4686 | D:4      | Noticed a hog
  4686 | D:4      | a shapeshifter changed into a hog
  4699 | D:4      | Killed a hog
  4699 | D:4      | Reached XP level 8. HP: 18/60 MP: 8/8
  4806 | D:4      | XOM: cloud trail
  5016 | D:4      | XOM: 3-stop teleportation journey
  5207 | D:5      | XOM: 4-stop teleportation journey
  5227 | D:5      | Noticed a tarantella
  5236 | D:5      | Noticed a swamp dragon
  5236 | D:5      | a tarantella changed into a swamp dragon
  5239 | D:5      | XOM: enchant monster (good)
  5257 | D:6      | Slain by a swamp dragon (shapeshifter)

Illustrated notes

Levels and vault maps discovered:
D:1:      psy_arrival_terrarium, layout_basic
D:2:      layout_rooms, lemuel_blue_sif_altar, overflow_temple_1_default,
          old_standard_altar, nicolae_tso_carved_into_rock
D:3:      layout_loops_ring, minmay_bisected
D:4:      layout_loops_ring
D:5:      layout_basic, dancing_weapons_uskayaw, first_ration, serial_shops,
          shop
D:6:      layout_cave_pools, basic_altar

Skill      XL: |  1  2  3  4  5  6  7 |
---------------+----------------------+-----
Polearms       | 4 5 6 |  6.5
Dodging        | 2 3 4 |  4.2
Armour         | 3 |  3.4
Fighting       | 4 |  4.2
Throwing       | |  0.1

Action                   |  1- 3 |  4- 6 |  7- 9 || total
-------------------------+-------+-------+-------++-------
Melee: Spear             |   118 |   260 |   121 ||   499
Throw: Javelin           |       |     8 |     1 ||     9
       Dart              |       |       |    11 ||    11
       Throwing net      |       |       |     1 ||     1
Evoke: Wand              |       |       |     5 ||     5
  Use: Scroll            |     4 |     7 |       ||    11
       Potion            |       |     5 |     2 ||     7
 Stab: Sleeping          |     1 |     1 |       ||     2
       Paralysed         |       |     2 |     1 ||     3
       Distracted        |       |     1 |     1 ||     2
       Petrifying        |       |     1 |       ||     1
       Invisible         |       |     1 |       ||     1
       Petrified         |       |       |     6 ||     6
  Eat: Chunk             |     1 |     8 |       ||     9
       Ration            |       |     1 |     1 ||     2
Armor: Leather armour    |    28 |    56 |    16 ||   100
Dodge: Dodged            |    33 |   102 |    60 ||   195
